 Dungeon Sprint DCSS version 0.31-a0-121-g1e386dd289 (webtiles) character file.

Game seed: 2316279730169271419

2948 rocky1 the Severer (level 9, -4/90 HPs)
             Began as a Minotaur Fighter on May 31, 2023.
             Was an Elder of Okawaru.
             Killed from afar by a ynoxinul (27 damage)
             ... with an entropic shot
             ... in the Dungeon (Sprint VII: "The Pits").
             The game lasted 00:03:01 (1084 turns).

rocky1 the Severer (Minotaur Fighter)               Turns: 1084, Time: 00:03:02

Health: -4/90      AC: -8    Str: 25    XL:     9   Next: 51%
Magic:  14/14      EV:  9    Int:  5    God:    Okawaru [****..]
Gold:   0          SH:  7    Dex: 16    Spells: 8/8 levels left

rFire   . . .        t - +2 war axe (freeze)
rCold   . . .        c - +0 buckler
rNeg    . . .        u - +4 chain mail
rPois   .            (helmet restricted)
rElec   .            (no cloak)
rCorr   .            (no gloves)
SInv    .            (no boots)
Will    .....        (no amulet) Stlth
                     p - +3 ring of dexterity
HPRegen 0.35/turn    q - +3 ring of dexterity
MPRegen 0.14/turn

%: no teleportation
@: corroded
A: horns 2, retaliatory headbutt
a: Renounce Religion, Heroism, Finesse


You were in the Dungeon.
You worshipped Okawaru.
Okawaru was greatly pleased with you.
You visited 1 branch

Inventory:

Hand Weapons
 a - a +0 war axe
 n - a +2 heavy hand axe
 t - a +2 war axe of freezing (weapon)
Missiles
 o - a curare-tipped dart (quivered)
Armour
 c - a +0 buckler (worn)
 u - a +4 chain mail (worn)
Jewellery
 p - a +3 ring of dexterity (left hand)
 q - a +3 ring of dexterity (right hand)
Scrolls
 j - a scroll of blinking
 l - 5 scrolls of amnesia
Potions
 d - 4 potions of might
 e - 8 potions of curing
 f - 7 potions of heal wounds
 g - 2 potions of haste
 h - 4 potions of magic
 i - 3 potions of berserk rage
 k - 2 potions of invisibility
 r - 2 potions of brilliance
 s - a potion of mutation


   Skills:
 + Level 12.0 Fighting
 * Level 16.4 Axes
 + Level 10.5 Armour
 + Level 1.8 Dodging
 + Level 10.9 Shields
 * Level 8.2 Invocations


You had 8 spell levels left.
You didn't know any spells.
Your spell library was empty.

Dungeon Overview and Level Annotations

Branches:
Dungeon (1/1)

Altars:
Ashenzari
Cheibriados
Dithmenos
Elyvilon
Fedhas
Gozag
Hepliaklqana
Kikubaaqudgha
Makhleb
Nemelex Xobeh
Okawaru
Qazlal
Ru
Sif Muna
Trog
Uskayaw
Vehumet
Wu Jian
Xom
Yredelemnul
Zin
The Shining One
Jiyva
Lugonu


Innate Abilities, Weirdness & Mutations

You have a pair of horns on your head.
You reflexively headbutt those who attack you in melee.


Message History

* * * LOW HITPOINT WARNING * * *
The ufetubus closely misses you. The ufetubus hits you.
* * * LOW HITPOINT WARNING * * *
The ufetubus barely misses you. The ufetubus hits you.
* * * LOW HITPOINT WARNING * * *
The ufetubus hits you.
* * * LOW HITPOINT WARNING * * *
The ynoxinul barely misses you. You furiously retaliate!
You headbutt the ynoxinul! You barely miss the ynoxinul.
The ynoxinul is moderately wounded.
You hit the ufetubus but do no damage. You barely miss the ufetubus.
You closely miss the ufetubus. You block the ufetubus's attack. x2
The ufetubus barely misses you. You furiously retaliate!
You headbutt the ufetubus, but do no damage.
The ufetubus hits you.
* * * LOW HITPOINT WARNING * * *
The ufetubus misses you. The ufetubus hits you.
* * * LOW HITPOINT WARNING * * *
You barely miss the ynoxinul.
You headbutt the ynoxinul, but do no damage.
The ynoxinul is moderately wounded.
You miss the ufetubus. You slash the ufetubus! You freeze the ufetubus.
You kill the ufetubus!
The ufetubus disappears in a puff of smoke!
You hit the ufetubus but do no damage. You block the ynoxinul's attack.
The ufetubus hits you.
* * * LOW HITPOINT WARNING * * *
The ufetubus barely misses you. The ufetubus hits you.
* * * LOW HITPOINT WARNING * * *
The ufetubus barely misses you.
Unknown command.
You feel much better. The ufetubus hits you.
* * * LOW HITPOINT WARNING * * *
You block the ufetubus's attack. The ufetubus hits you.
* * * LOW HITPOINT WARNING * * *
The ufetubus barely misses you. The ynoxinul gestures at you.
The entropic shot hits you!!
You die...

'..#####'#####''######
#'###.......##''#
...##.......##.†##
...##.......##...##
#####...<...###...##+##.
)..##.......# ##........
...##.......###†.###+###
#####.......##.5##{....#
#..###########.§@35o....
#.############.5##55...#
#)#....#..[[###..# #+###
#)#....#..[[# ##...
#)))...'..))# ..##
#)#)...#...)# .##
'.#....#..))# ##
#############


You could see a ynoxinul, an orc and 5 ufetubi.

Vanquished Creatures
  A lindwurm (D)
  A rust devil (D)
  2 kobold demonologists (D)
  A merfolk (D)
  A hornet (D)
  Grinder (D)
  Sigmund (D)
  A spriggan (D)
  A warg (D)
  2 orc warriors (D)
  An ice beast (D)
  An ogre (D)
  A wolf (D)
  A kobold brigand (D)
  A crimson imp (D)
  An orc priest (D)
  An iguana (D)
  An orc wizard (D)
  An adder (D)
  An orc (D)
  A ball python (D)
  A giant cockroach (D)
  4 hobgoblins (D)
  4 jackals (D)
  2 kobolds (D)
  A ball python zombie (D)
  A bat (D)
  A quokka zombie (D)
  2 rats (D)
39 creatures vanquished.

Notes
Turn   | Place    | Note
-------+----------+-------------------------------------------
     0 | D        | rocky1 the Minotaur Fighter began the quest for the Orb.
     0 | D        | Reached XP level 1. HP: 19/19 MP: 0/0
    18 | D        | Found a bloodstained altar of Trog.
    18 | D        | Found a shimmering blue altar of Sif Muna.
    18 | D        | Found a viscous altar of Jiyva.
    18 | D        | Found a hazy altar of Hepliaklqana.
    18 | D        | Found an opulent altar of Gozag.
    19 | D        | Found a glowing golden altar of the Shining One.
    19 | D        | Found a glowing silver altar of Zin.
    19 | D        | Found a basalt altar of Yredelemnul.
    19 | D        | Found a shimmering altar of Xom.
    19 | D        | Found an ornate altar of the Wu Jian Council.
    19 | D        | Found a sacrificial altar of Ru.
    19 | D        | Found a stormy altar of Qazlal.
    19 | D        | Found an iron altar of Okawaru.
    19 | D        | Found a sparkling altar of Nemelex Xobeh.
    19 | D        | Found a burning altar of Makhleb.
    19 | D        | Found a blossoming altar of Fedhas.
    19 | D        | Found a white marble altar of Elyvilon.
    19 | D        | Found a shadowy altar of Dithmenos.
    19 | D        | Found a snail-covered altar of Cheibriados.
    22 | D        | Found a corrupted altar of Lugonu.
    22 | D        | Found a radiant altar of Vehumet.
    23 | D        | Found an ancient bone altar of Kikubaaqudgha.
    23 | D        | Found a hide-covered altar of Uskayaw.
    23 | D        | Found a broken altar of Ashenzari.
    27 | D        | Became a worshipper of Warmaster Okawaru
    71 | D        | Noticed a crimson imp
    88 | D        | Killed a crimson imp
    89 | D        | Reached skill level 5 in Fighting
    89 | D        | Reached skill level 3 in Axes
    89 | D        | Reached skill level 5 in Armour
    89 | D        | Reached skill level 5 in Shields
    89 | D        | Reached XP level 2. HP: 28/30 MP: 1/1
    89 | D        | Reached XP level 3. HP: 35/37 MP: 2/2
   255 | D        | Noticed an ogre
   262 | D        | Reached skill level 4 in Axes
   264 | D        | Noticed a warg
   265 | D        | Noticed an orc warrior
   266 | D        | Killed an ogre
   266 | D        | Reached * piety under Okawaru
   267 | D        | Reached skill level 6 in Axes
   267 | D        | Reached XP level 4. HP: 47/47 MP: 2/4
   267 | D        | Reached XP level 5. HP: 52/52 MP: 2/5
   271 | D        | Killed an orc warrior
   272 | D        | Reached skill level 7 in Axes
   272 | D        | Noticed a wolf
   273 | D        | Reached skill level 8 in Axes
   273 | D        | Reached XP level 6. HP: 61/61 MP: 0/7
   276 | D        | Killed a warg
   276 | D        | Reached ** piety under Okawaru
   277 | D        | Reached skill level 9 in Axes
   443 | D        | Noticed Grinder
   448 | D        | Killed Grinder
   449 | D        | Reached skill level 10 in Axes
   449 | D        | Reached skill level 5 in Invocations
   449 | D        | Reached XP level 7. HP: 62/71 MP: 8/10
   478 | D        | Noticed a merfolk
   486 | D        | Killed a merfolk
   487 | D        | Reached skill level 10 in Fighting
   487 | D        | Reached skill level 11 in Axes
   762 | D        | Noticed Sigmund
   769 | D        | Reached skill level 12 in Axes
   771 | D        | Killed Sigmund
   771 | D        | Reached *** piety under Okawaru
   772 | D        | Reached skill level 1 in Dodging
   772 | D        | Reached XP level 8. HP: 80/80 MP: 11/11
   778 | D        | Reached skill level 10 in Shields
   893 | D        | Noticed a lindwurm
   893 | D        | Noticed a kobold demonologist
   893 | D        | Noticed a kobold demonologist
   898 | D        | Noticed a sixfirhy
   904 | D        | Noticed an orange demon
   908 | D        | Noticed a soul eater
   910 | D        | Killed a kobold demonologist
   911 | D        | Reached skill level 13 in Axes
   913 | D        | Killed a kobold demonologist
   914 | D        | Reached skill level 14 in Axes
   915 | D        | Killed a lindwurm
   915 | D        | Reached **** piety under Okawaru
   916 | D        | Reached skill level 15 in Axes
   916 | D        | Reached skill level 10 in Armour
   916 | D        | Reached XP level 9. HP: 84/89 MP: 11/13
  1054 | D        | Noticed a rust devil
  1069 | D        | Killed a rust devil
  1070 | D        | Reached skill level 16 in Axes
  1084 | D        | Killed from afar by a ynoxinul

Illustrated notes

Levels and vault maps discovered:
D:        pitsprint [storerooms_1, entrance_room_1, metal_vault_5, armoury_3,
          mini_pit_1, grid_room_1, main_hall_1, silver_pit, the_coven_1,
          the_vestibule_1, steel_vault_1, golden_pit, hallway_of_sentries,
          crystal_vault_6, iron_vault_1, final_vault]

Skill      XL: |  1  2  3  4  5  6  7  8  9 |
---------------+----------------------------+-----
Fighting       | 5 7 8 9 10 11 12 | 12.0
Armour         | 5 6 7 8 9 10 | 10.5
Shields        | 5 6 7 9 10 | 10.9
Axes           | 3 6 8 10 12 15 16 | 16.4
Invocations    | 2 3 5 6 7 8 |  8.2
Dodging        | 1 |  1.8

Action                     |  1- 3 |  4- 6 |  7- 9 || total
---------------------------+-------+-------+-------++-------
  Melee: War axe           |    26 |       |    27 ||    53
         Headbutt          |     6 |     2 |    12 ||    20
         Hand axe          |     7 |    23 |    50 ||    80
 Invoke: Heroism           |       |     1 |     1 ||     2
    Use: Potion            |       |       |     1 ||     1
 Armour: Scale mail        |    11 |       |       ||    11
         Plate armour      |     4 |    13 |    15 ||    32
         Chain mail        |       |       |     4 ||     4
  Dodge: Dodged            |     7 |     7 |    28 ||    42
  Block: Buckler           |     7 |     5 |    24 ||    36

Table legend: (Time is in decaauts)
 A = Elapsed time spent in this place.
 B = Non-inter-level travel time spent in this place.
 C = Inter-level travel time spent in this place.
 D = Time resting spent in this place.
 E = Time spent auto-exploring this place.
 F = Levels seen in this place.
 G = Mean time per level.
                   A        B        C        D        E       F      G
               +--------+--------+--------+--------+--------+-----+--------+
         Total |   1091 |   1030 |     61 |    644 |      0 |   1 | 1091.0 |
       Dungeon |   1091 |   1030 |     61 |    644 |      0 |   1 | 1091.0 |
               +--------+--------+--------+--------+--------+-----+--------+

Top non-repeatable levels by time:
       D: 1091 daAuts
